 Dungeon Crawl Stone Soup version 0.23-a0-301-g9da9e51 (webtiles) character file.

695 vierth the Cleaver (level 7, -2/57 HPs)
             Began as a Minotaur Fighter on Oct 7, 2018.
             Was an Initiate of Trog.
             Slain by a gnoll
             ... wielding a +0 halberd
              (9 damage)
             ... on level 6 of the Dungeon.
             The game lasted 00:09:56 (3892 turns).

vierth the Cleaver (Minotaur Fighter)               Turns: 3892, Time: 00:09:57

Health: -2/57      AC: 14    Str: 22    XL:     7   Next: 37%
Magic:  6/6        EV:  4    Int:  5    God:    Trog [......]
Gold:   270        SH:  9    Dex: 10    Spells: 6/6 levels left

rFire    . . .     SeeInvis .   a - +0 war axe
rCold    . . .     Gourm    .   c - +0 shield
rNeg     . . .     Faith    .   o - +0 plate armour
rPois    .         Spirit   .   h - +2 hat
rElec    .         Reflect  .   q - +0 cloak
rCorr    .         Harm     .   (no gloves)
MR       .....                  (no boots)
Stlth    ..........             (no amulet)
HPRegen  0.19/turn              (no ring)
MPRegen  0.10/turn              (no ring)

@: no status effects
A: retaliatory headbutt, horns 2
a: Renounce Religion


You were on level 6 of the Dungeon.
You worshipped Trog.
Trog was noncommittal.
You were hungry.

You visited 2 branches of the dungeon, and saw 7 of its levels.

You collected 270 gold pieces.

Inventory:

Hand Weapons
 a - a +0 war axe (weapon)
Armour
 c - a +0 shield (worn)
 h - a +2 hat (worn)
 o - a +0 plate armour (worn)
 q - a +0 cloak (worn)
Jewellery
 k - an uncursed ring of protection from fire
Wands
 z - a wand of polymorph (10)
Scrolls
 i - 3 scrolls of remove curse
 l - 4 scrolls of magic mapping
 m - a scroll of enchant weapon {unknown}
 n - 5 scrolls of teleportation
 u - a scroll of noise {unknown}
 v - a scroll of identify
 w - a scroll of fear
 x - a scroll of blinking {unknown}
 y - a scroll of fog {unknown}
Potions
 b - a potion of curing {unknown}
 d - a potion of might
 e - 2 potions of degeneration {unknown}
 g - a potion of heal wounds {unknown}
 j - a potion of mutation {unknown}
 p - a potion of lignification {unknown}
 r - a potion of magic {unknown}
 s - a potion of brilliance {unknown}
 t - a potion of berserk rage {unknown}
Comestibles
 f - 6 rations


   Skills:
 - Level 3.6 Fighting
 + Level 10.0 Axes
 - Level 3.6 Armour
 - Level 3.6 Shields


You had 6 spell levels left.
You didn't know any spells.
Your spell library contained the following spells:

 Spells                   Type           Power        Failure   Level  Hunger
 Animate Skeleton         Necr           N/A          100%        1    ##.....
 Apportation              Tloc           #.....       100%        1    ##.....
 Confusing Touch          Hex            #.....       100%        1    ##.....
 Summon Small Mammal      Summ           #...         100%        1    ##.....


Dungeon Overview and Level Annotations

Branches:
Dungeon (6/15)             Temple (1/1) D:4

Altars:
Ashenzari
Cheibriados
Dithmenos
Elyvilon
Fedhas
Gozag
Hepliaklqana
Kikubaaqudgha
Makhleb
Nemelex Xobeh
Okawaru
Qazlal
Ru
Sif Muna
Trog
Uskayaw
Vehumet
Wu Jian
Yredelemnul
Zin
The Shining One


Innate Abilities, Weirdness & Mutations

You reflexively headbutt those who attack you in melee.
You have a pair of horns on your head.


Message History

The orc hits you but does no damage. x2
You closely miss the orc.
The orc is heavily wounded.
Your shield and plate armour prevent you from hitting the gnoll.
You hit the orc warrior. The gnoll hits you with a halberd.
The orc warrior hits you with a dire flail.
The orc barely misses you. You furiously retaliate!
You headbutt the orc.
You kill the orc!
Trog accepts your kill. The orc hits you but does no damage.
Your plate armour prevents you from hitting the gnoll.
You headbutt the gnoll.
The gnoll is severely wounded.
You closely miss the orc warrior. The gnoll barely misses you.
The orc warrior hits you with a dire flail!!
* * * LOW HITPOINT WARNING * * *
You block the orc's attack.
You are too injured to fight recklessly!
The gnoll hits you from afar with a halberd!
You die...

#....### #..<##
#.#(.# ##.#
#...(#....#
###....#
#$#...##
#.##...# #.#
.#.#
..#####@#..#.##
#....ooo).....#
###...g)......#
...........$...
...............
.....?........#
....>.........#
..............#
....###########


You could see an orc warrior, a gnoll and 2 orcs.

Vanquished Creatures
  2 ogres
  A gnoll sergeant (D:6)
  A bullfrog skeleton (D:4)
  A centaur skeleton (D:4)
  An iguana (D:4)
  7 worker ants
  10 adders
  2 gnolls (D:6)
  2 oozes
  2 worms (D:3)
  A leopard gecko (D:5)
  10 orcs
  9 bats
  5 giant cockroaches
  6 goblins
  7 hobgoblins
  2 jackals (D:3)
  A quokka (D:4)
  2 ball pythons
  8 frilled lizards
  A giant cockroach zombie (D:5)
  A jackal skeleton (D:5)
  9 kobolds
  9 rats
  A butterfly (D:4)
101 creatures vanquished.

Notes
Turn   | Place    | Note
-------+----------+-------------------------------------------
     0 | D:1      | vierth the Minotaur Fighter began the quest for the Orb.
     0 | D:1      | Reached XP level 1. HP: 19/19 MP: 0/0
   141 | D:1      | Reached skill level 3 in Axes
   199 | D:1      | Reached XP level 2. HP: 20/26 MP: 1/1
   455 | D:1      | Reached skill level 4 in Axes
   717 | D:2      | Reached XP level 3. HP: 30/31 MP: 2/2
  1177 | D:2      | Reached skill level 5 in Axes
  1428 | D:2      | Reached XP level 4. HP: 39/39 MP: 3/3
  1726 | D:3      | Reached skill level 6 in Axes
  2104 | D:3      | Reached XP level 5. HP: 32/45 MP: 4/4
  2388 | D:4      | Found a staircase to the Ecumenical Temple.
  2430 | Temple   | Entered the Ecumenical Temple
  2437 | Temple   | Became a worshipper of Trog the Wrathful
  2533 | D:4      | Reached skill level 7 in Axes
  2773 | D:4      | Noticed an ogre
  2782 | D:4      | Killed an ogre
  2782 | D:4      | Reached skill level 8 in Axes
  2782 | D:4      | Reached XP level 6. HP: 28/51 MP: 5/5
  3291 | D:5      | Entered Level 5 of the Dungeon
  3394 | D:5      | Reached skill level 9 in Axes
  3479 | D:5      | Reached XP level 7. HP: 18/57 MP: 6/6
  3886 | D:6      | Reached skill level 10 in Axes
  3892 | D:6      | Slain by a gnoll

Vault maps used:
D:1:      nagdon_arrival_zigzag_paths
D:2:      serial_glass, glass_columns_a, glass_columns_b
D:4:      minmay_temple_entry_butterflies, minmay_misc_feat_rugged
D:5:      first_ration, minmay_misc_feat_chi, minmay_misc_feat_pillars,
          sigmund_army
D:6:      uniq_sigmund, uniq_pikel
Temple:   dpeg_three_leaves_temple

Skill      XL: |  1  2  3  4  5  6  7 |
---------------+----------------------+-----
Axes           | 3 4 5 6 8 9 10 | 10.0
Fighting       | |  3.6
Armour         | |  3.6
Shields        | |  3.6

Action                   |  1- 3 |  4- 6 |  7- 9 || total
-------------------------+-------+-------+-------++-------
Melee: War axe           |    84 |   150 |    12 ||   246
       Headbutt          |     8 |    32 |     2 ||    42
  Use: Scroll            |       |     6 |       ||     6
 Stab: Distracted        |     1 |       |       ||     1
  Eat: Ration            |     1 |     1 |       ||     2
       Chunk             |       |     2 |       ||     2
Armor: Scale mail        |    42 |     1 |       ||    43
       Plate armour      |       |    92 |    16 ||   108
Dodge: Dodged            |    30 |    16 |     6 ||    52
Block: Shield            |    45 |    69 |    11 ||   125

Table legend:
 A = Non-vault XP
 B = Vault XP
 C = Vault XP percentage of total XP
 D = Non-vault monster count
 E = Vault monster count
 F = Vault count percentage of total count
                 A         B        C        D         E       F
            +---------+---------+-------+---------+---------+-------
      Total |     989 |       4 |   0.4 |      98 |       2 |   2.0
            +---------+---------+-------+---------+---------+-------
        D:1 |      37 |       0 |   0.0 |      24 |       0 |   0.0
        D:2 |      69 |       0 |   0.0 |      19 |       0 |   0.0
        D:3 |     117 |       0 |   0.0 |      25 |       0 |   0.0
        D:4 |     406 |       0 |   0.0 |      15 |       0 |   0.0
        D:5 |     205 |       4 |   1.9 |       9 |       2 |  18.2
        D:6 |     155 |       0 |   0.0 |       6 |       0 |   0.0
            +---------+---------+-------+---------+---------+-------
